 Dungeon Crawl Stone Soup version 0.20-a0-277-g7db01f4 (webtiles) character file.

65 Lochraine the Skirmisher (level 4, -4/40 HPs)
             Began as a Hill Orc Monk on Dec 12, 2016.
             Slain by an orc wizard
             ... wielding a +0 dagger
              (6 damage)
             ... on level 2 of the Dungeon.
             The game lasted 00:03:47 (2210 turns).

Lochraine the Skirmisher (Hill Orc Monk)            Turns: 2210, Time: 00:03:48

Health: -4/40      AC:  3    Str: 14    XL:     4   Next: 14%
Magic:  4/4        EV: 13    Int: 10    God:
Gold:   47         SH:  0    Dex: 13    Spells: 3/3 levels left

rFire  . . .     SeeInvis .     a - +0 spear
rCold  . . .     Gourm    .     b - +0 robe
rNeg   . . .     Faith    .     (no shield)
rPois  .         Spirit   .     (no helmet)
rElec  .         Reflect  .     (no cloak)
rCorr  .         Harm     .     (no gloves)
MR     .....                    v - +0 pair of boots
Stlth  ++........               (no amulet)
                                (no ring)
                                (no ring)

@: no status effects
A: no striking features
a: no special abilities


You were on level 2 of the Dungeon.
You were not hungry.

You visited 1 branch of the dungeon, and saw 3 of its levels.

You collected 47 gold pieces.

Inventory:

Hand Weapons
 a - a +0 spear (weapon)
Missiles
 f - 6 tomahawks (quivered)
Armour
 b - a +0 robe (worn)
 v - a +0 pair of boots (worn)
Wands
 t - a wand of acid (7/15)
Scrolls
 e - 2 scrolls of amnesia {unknown}
 g - a scroll of remove curse {unknown}
 h - 2 scrolls of enchant armour {unknown}
 k - 3 scrolls of identify {unknown}
 n - a scroll of recharging {unknown}
 o - a scroll of magic mapping {unknown}
 r - a scroll of enchant weapon {unknown}
 w - a scroll of noise {unknown}
Potions
 p - a potion of degeneration {unknown}
 q - a potion of curing {unknown}
 s - a potion of brilliance {unknown}
Comestibles
 c - 2 bread rations
 i - a meat ration
 m - a slice of pizza
 u - 10 fruits


   Skills:
 + Level 4.3 Fighting
 + Level 4.1 Polearms
 + Level 3.0 Dodging
 - Level 1.5 Stealth


You had 3 spell levels left.
You didn't know any spells.

Dungeon Overview and Level Annotations

Branches:
Dungeon (3/15)

Altars:
Cheibriados
Uskayaw


Message History

You feel less confused.
You hear some strange, mumbled words.
A magic dart appears from out of thin air!
The magic dart hits you!
You float gracefully downwards.
You hit something. Something barely misses you.
You barely miss something. Something hits you but does no damage.
You completely miss something. Something hits you.
You hit something. Something barely misses you.
You barely miss something. Something hits you.
You hit something.
You hear some strange, mumbled words.
A puff of flame appears from out of thin air!
The puff of flame hits you!
* * * LOW HITPOINT WARNING * * *
You barely miss something. You miss something.
An orc wizard appears from thin air!
Reactivating autopickup.
The orc wizard hits you with a dagger.
You die...

....# #...........#.#####.#.#
....# #...........#.# #.#.# ....#
#...........#.#####.#.#
....#######...........#.##.##.#.#
....##................#.##.##.#.#
....##................#.##.##.#.#
######................#.##.##...#
######.....#####o######.##.##.#.#
...........# #.@..# #.##.######
######.....# #....# #.##....... #
#.....# #....# #.#########
#.....# #....# #.#........
#####...).# #....# #.##.......
#........######.### #.#..####.#
#........<........# #.#..##....
#.................# #.#..#.....
#####.#...........# #.#..#.....


You could see an orc wizard.

Vanquished Creatures
  An adder (D:2)
  An ooze (D:3)
  A worm (D:3)
  2 dart slugs
  An orc (D:3)
  2 ball pythons
  3 giant cockroaches
  6 hobgoblins
  3 bats
  6 frilled lizards
  6 goblins
  7 kobolds
  6 rats
45 creatures vanquished.

Notes
Turn   | Place    | Note
-------+----------+-------------------------------------------
     0 | D:1      | Lochraine the Hill Orc Monk began the quest for the Orb.
     0 | D:1      | Reached XP level 1. HP: 19/19 MP: 1/1
   166 | D:1      | Reached XP level 2. HP: 27/27 MP: 2/2
   241 | D:1      | You fall through a shaft!
   811 | D:1      | Reached XP level 3. HP: 33/33 MP: 3/3
  1307 | D:2      | Found a snail-covered altar of Cheibriados.
  1554 | D:2      | Found a hide-covered altar of Uskayaw.
  2066 | D:3      | Reached XP level 4. HP: 40/40 MP: 4/4
  2208 | D:2      | HP: 2/40 [something/puff of flame (13)]
  2210 | D:2      | Slain by an orc wizard

Vault maps used:
D:1:      lightli_arrival_isolated_outpost
D:2:      old_standard_altar, overflow_temple_1_default, first_bread
D:3:      overflow_temple_1_default, tso_altar, grunt_temple_overflow_open

Skill      XL: |  1  2  3 |
---------------+----------+-----
Fighting       | 4 |  4.3
Polearms       | 4 |  4.1
Dodging        | 3 |  3.0
Stealth        | |  1.5

Action                   |  1- 3 |  4- 6 || total
-------------------------+-------+-------++-------
Melee: Spear             |   163 |    45 ||   208
  Use: Potion            |       |     3 ||     3
 Stab: Sleeping          |     6 |       ||     6
  Eat: Chunk             |     2 |     2 ||     4
Armor: Robe              |    25 |    10 ||    35
Dodge: Dodged            |    80 |     7 ||    87
